 Dungeon Crawl Stone Soup version 0.17.0-27-g4a3f43e (console) character file.

84 jw the Skirmisher (level 4, 0/31 HPs)
             Began as an Octopode Berserker on Nov 22, 2015.
             Was a Believer of Trog.
             Shot with a stone by a goblin (1 damage)
             ... led by Robin
             ... on level 2 of the Dungeon.
             The game lasted 00:06:24 (2157 turns).

jw the Skirmisher (Octopode Berserker)              Turns: 2157, Time: 00:06:24

Health: 0/31       AC:  1    Str: 16    XL:     4   Next: 45%
Magic:  4/4        EV: 10    Int:  9    God:    Trog [**....]
Gold:   121        SH:  7    Dex: 12    Spells: 0 memorised, 3 levels left

rFire  . . .     SeeInvis .     a - +0 short sword
rCold  . . .     Clarity  .     e - +0 shield
rNeg   . . .     SustAt   .     (helmet restricted)
rPois  .         Gourm    .     (no amulet)
rElec  .         Spirit   .     i - ring of loudness (curse)
rCorr  .         Warding  .     (no ring)
rMut   .         Stasis   .     (no ring)
MR     .....                    (no ring)
Stlth  ++........               (no ring)
                                (no ring)
                                (no ring)
                                (no ring)

@: not resistant to hostile enchantments, unstealthy
A: almost no armour, amphibious, 8 rings, constrict 8, camouflage 1, gelatinous
body 1
a: Berserk, Trog's Hand, Burn Spellbooks, Renounce Religion


You were on level 2 of the Dungeon.
You worshipped Trog.
Trog was pleased with you.
You were not hungry.

You visited 1 branch of the dungeon, and saw 2 of its levels.

You collected 121 gold pieces.

Inventory:

Hand Weapons
 a - a +0 short sword (weapon)
Missiles
 f - 27 stones (quivered)
 h - 22 poisoned needles
Armour
 e - a +0 shield (worn)
Jewellery
 i - a cursed ring of loudness (left tentacle)
Scrolls
 c - 3 scrolls of identify
 k - a scroll of remove curse {unknown}
 l - 2 scrolls of noise {unknown}
 m - a scroll of immolation {unknown}
Potions
 d - a potion of heal wounds {unknown}
 j - a potion of brilliance {unknown}
Comestibles
 b - 4 bread rations
 n - a meat ration


   Skills:
 + Level 3.5 Fighting
 * Level 3.5 Short Blades
 + Level 1.1 Throwing
 + Level 3.3 Dodging
 * Level 3.0 Stealth
 + Level 0.2 Shields


You had 3 spell levels left.
You didn't know any spells.

Dungeon Overview and Level Annotations

Branches:
Dungeon (2/15)

Altars:


Innate Abilities, Weirdness & Mutations

You cannot wear most types of armour.
You are amphibious.
You can wear up to eight rings at the same time.
You can use your tentacles to constrict eight enemies at once.
Your skin changes colour to match your surroundings (Stealth).
Your rubbery body absorbs attacks (AC +1).


Message History

You completely miss the goblin.
The goblin shouts!
Your grab misses the goblin. Your squeeze misses the goblin.
The goblin hits you with a club. The hobgoblin barely misses you.
The goblin shoots a stone.
The stone barely misses you.
The stone hits the goblin.
ATTACK MOVE TO (-1,0)
You hit the goblin.
You kill the goblin!
Trog accepts your kill. The goblin hits you but does no damage.
The goblin hits you with a club. The hobgoblin hits you with a club.
The goblin shoots a stone.
The stone barely misses you.
ATTACK MOVE TO (-1,1)
You barely miss the goblin. You grab the goblin. You squeeze the goblin.
You kill the goblin!
Trog accepts your kill.
Your Stealth skill increases to level 3!
The goblin barely misses you.
The goblin shoots a stone.
The stone hits you.
You die...

#.#.###.## #......# #.#.#
#.# #..##### #.#.# #.#
#..# #.#.# #.# #..#
####.#.# #.# #..#
#......# #.# #..#
#.##%..###.#####..####
####.#...(.gs....(..(..(.
#.......gx###.####.......
#.##....g.ggg.# ....###
##.....g.g.g.. .#..#
#......#####.. ....#
#......l# g. gg ..(
#........


gg.sg ... #......... ..gg. ... ##.......## $.. You could see a giant cockroach,
a hobgoblin, 8 goblins and a giant newt.

Table legend:
 A = Turns spent in this place as a percentage of turns spent in the entire game.
 B = Non-inter-level travel turns spent in this place as a percentage of non-inter-level travel turns spent in the entire game.
 C = Inter-level travel turns spent in this place as a percentage of turns spent in this place.
 D = Turns resting spent in this place as a percentage of non-inter-level travel turns spent in this place.
 E = Turns spent auto-exploring this place as a percentage of non-inter-level travel turns spent in this place.
 F = Non-inter-level travel turns spent in this place divided by the number of levels of this place that you've seen.
                   A       B       C       D       E      F
               +-------+-------+-------+-------+-------+----------------------
         Total | 100.0 | 100.0 |   0.3 |   1.0 |   2.8 | 1562.0
       Dungeon | 100.0 | 100.0 |   0.3 |   1.0 |   2.8 | 1562.0
               +-------+-------+-------+-------+-------+----------------------

Table legend:
 A = Kills in this place as a percentage of kills in entire the game.
 B = Kills by you in this place as a percentage of kills by you in the entire game.
 C = Kills by friends in this place as a percentage of kills by friends in the entire game.
 D = Other kills in this place as a percentage of other kills in the entire game.
 E = Experience gained in this place as a percentage of experience gained in the entire game.
 F = Experience gained in this place divided by the number of levels of this place that you have seen.
                   A       B       C       D       E      F
               +-------+-------+-------+-------+-------+----------------------
         Total | 100.0 | 100.0 |  -nan |  -nan | 100.0 |  60.0
       Dungeon | 100.0 | 100.0 |  -nan |  -nan | 100.0 |  60.0
               +-------+-------+-------+-------+-------+----------------------

Vanquished Creatures
  Robin (D:2)
  2 adders (D:2)
  A worm (D:2)
  A ball python (D:1)
  A giant cockroach (D:2)
  7 hobgoblins
  4 jackals (D:1)
  7 kobolds
  9 bats
  2 giant newts (D:1)
  10 goblins
  8 rats
  A plant (D:1)
54 creatures vanquished.

Notes
Turn   | Place    | Note
--------------------------------------------------------------
     0 | D:1      | jw the Octopode Berserker began the quest for the Orb.
     0 | D:1      | Reached XP level 1. HP: 16/16 MP: 1/1
   185 | D:1      | Reached XP level 2. HP: 14/21 MP: 2/2
   314 | D:1      | Reached skill level 1 in Stealth
   414 | D:1      | Reached ** piety under Trog
   562 | D:1      | Reached XP level 3. HP: 26/26 MP: 3/3
  1468 | D:2      | Reached skill level 1 in Throwing
  1536 | D:2      | Reached XP level 4. HP: 14/31 MP: 4/4
  2146 | D:2      | Noticed Robin
  2152 | D:2      | Killed Robin
  2156 | D:2      | HP: 1/31 [hobgoblin/club[Robin] (4)]
  2157 | D:2      | Shot with a stone by a goblin

Action                   |  1- 3 |  4- 6 || total
-------------------------+-------+-------++-------
Melee: Short sword       |   105 |    22 ||   127
Throw: Stone             |    17 |       ||    17
       Javelin           |     6 |     7 ||    13
Invok: Berserk           |     1 |       ||     1
  Use: Scroll            |     2 |       ||     2
       Potion            |     2 |       ||     2
 Stab: Sleeping          |     6 |       ||     6
  Eat: Chunk             |     2 |     3 ||     5

Vault maps used:
D:1:      lightli_molten_gateway, serial_bayou, serial_bayou_crossing,
          serial_bayou_pond_e, serial_bayou_shore_b, serial_bayou_pond_c,
          serial_bayou_ford_a
D:2:      lemuel_zombie_altar_yredelemnul, wad_floor_pattern_untrapped,
          hangedman_feature_mirror, uniq_robin
